 Dungeon Crawl Stone Soup version 0.25-a0-668-gea548f19b6 (webtiles) character file.

Game seed: 3596789458594308096, levelgen mode: deterministic

79 Alarkh the Slasher (level 4, -1/35 HPs)
             Began as a Demonspawn Fighter on Mar 28, 2020.
             Slain by Duvessa
             ... wielding a +0 short sword
              (3 damage)
             ... on level 6 of the Dungeon.
             The game lasted 00:01:46 (1873 turns).

Alarkh the Slasher (Demonspawn Fighter)             Turns: 1873, Time: 00:01:47

Health: -1/35      AC:  6    Str: 14 (16) XL:     4   Next: 17%
Magic:  13/13      EV:  6    Int: 10 (11) God:
Gold:   113        SH:  8    Dex:  9 (10) Spells: 3/3 levels left

rFire    + . .     SeeInvis .   a - +0 long sword
rCold    + . .     Gourm    .   c - +0 kite shield
rNeg     . . .     Faith    .   b - +0 scale mail
rPois    +         Spirit   .   (no helmet)
rElec    +         Reflect  .   (no cloak)
rCorr    +         Harm     .   (no gloves)
MR       .....                  (no boots)
Stlth    ..........             (no amulet)
HPRegen  0.11/turn              q - ring of magical power
MPRegen  0.13/turn              (no ring)

@: mighty, resistant
A: fangs 1, clumsy 1, powered by pain 1, subdued magic 1
a: no special abilities


You were on level 6 of the Dungeon.
You were not hungry.

You visited 1 branch of the dungeon, and saw 4 of its levels.

You collected 113 gold pieces.

Inventory:

Hand Weapons
 a - a +0 long sword (weapon)
Armour
 b - a +0 scale mail (worn)
 c - a +0 kite shield (worn)
Jewellery
 q - a ring of magical power (left hand)
Wands
 r - a wand of polymorph (5)
Scrolls
 e - 4 scrolls of amnesia {unknown}
 h - 2 scrolls of teleportation {unknown}
 i - a scroll of immolation {unknown}
 k - 3 scrolls of remove curse {unknown}
 m - 2 scrolls of blinking {unknown}
 n - a scroll of identify {unknown}
Potions
 l - a potion of resistance
Comestibles
 f - 9 rations
 g - 3 chunks of flesh


   Skills:
 - Level 3.0 Fighting
 + Level 4.1 Long Blades
 - Level 2.6 Armour
 - Level 2.6 Shields


You had 3 spell levels left.
You didn't know any spells.
Your spell library was empty.

Dungeon Overview and Level Annotations

Branches:
Dungeon (3/15)

Altars:
Sif Muna

Annotations:
D:6 Dowan, Duvessa


Innate Abilities, Weirdness & Mutations

You sometimes gain a little power by taking damage.
You have very sharp teeth.
You are clumsy. (Dex -2)
Your spells are a little easier to cast, but a little less powerful.


Message History

Duvessa gestures with her weapon.
Duvessa hits you with a +0 short sword. x2; You block Dowan's attack.
You hit Duvessa but do no damage. You bite Duvessa.
Duvessa is heavily wounded.
Duvessa gestures with her weapon.
Duvessa hits you with a +0 short sword. Dowan hits you but does no damage.
Duvessa barely misses you.
You slash Duvessa!
Duvessa is almost dead.
Duvessa hits you with a +0 short sword!
* * * LOW HITPOINT WARNING * * *
Dowan hits you with a +0 dagger.
* * * LOW HITPOINT WARNING * * *
Duvessa hits you with a +0 short sword.
* * * LOW HITPOINT WARNING * * *
You completely miss Duvessa.
Duvessa is severely wounded.
Duvessa hits you but does no damage. Dowan hits you but does no damage.
Duvessa hits you with a +0 short sword.
You die...

#.?........#
#......#...#
#.......... #
........# ..###
.......#
#....###....#
..........#.#
###.......o##########
####.#..ooe@e....$.
#....###########
#####..### #.....##
........# ..o......
o...o####. ..o.. ##
....


You could see Duvessa, Dowan, an orc wizard and 2 orcs.

Vanquished Creatures
  An adder (D:2)
  A gnoll (D:2)
  An ooze (D:1)
  A worm (D:2)
  3 dart slugs
  A leopard gecko (D:1)
  An orc (D:6)
  A giant cockroach (D:1)
  8 goblins
  7 hobgoblins
  5 jackals
  6 bats (D:1)
  A frilled lizard (D:1)
  A kobold (D:1)
  3 rats (D:1)
41 creatures vanquished.

Notes
Turn   | Place    | Note
-------+----------+-------------------------------------------
     0 | D:1      | Alarkh the Demonspawn Fighter began the quest for the Orb.
     0 | D:1      | Reached XP level 1. HP: 18/18 MP: 1/1
    24 | D:1      | Reached skill level 2 in Long Blades
    73 | D:1      | Gained mutation: You sometimes gain a little power by
                  | taking damage. [demonic ancestry]
    73 | D:1      | Reached XP level 2. HP: 20/24 MP: 2/2
   102 | D:1      | Reached skill level 3 in Long Blades
   347 | D:1      | Reached XP level 3. HP: 29/29 MP: 3/3
   910 | D:2      | Found a shimmering blue altar of Sif Muna.
  1724 | D:2      | Reached skill level 4 in Long Blades
  1724 | D:2      | Reached XP level 4. HP: 24/35 MP: 4/4
  1839 | D:3      | You fall into a shaft and drop 3 floors!
  1842 | D:6      | Noticed Duvessa
  1855 | D:6      | Gained mutation: You are clumsy. (Dex -2) [potion of
                  | mutation]
  1855 | D:6      | Gained mutation: Your spells are a little easier to cast,
                  | but a little less powerful. [potion of mutation]
  1855 | D:6      | Gained mutation: You have very sharp teeth. [potion of
                  | mutation]
  1855 | D:6      | Noticed Dowan
  1873 | D:6      | Slain by Duvessa

Levels and vault maps discovered:
D:1:      sevenhm_arrival_forest_fort_small_4, layout_loops_cross,
          minmay_parallelograms
D:2:      layout_basic, lemuel_doored_altar, first_ration
D:3:      layout_basic, serial_rivers, chequers_serial_rivers_room_b,
          chequers_serial_rivers_marsh, chequers_serial_rivers_micro_d,
          chequers_serial_rivers_marsh, chequers_serial_rivers_micro_b,
          chequers_serial_rivers_micro_d, minmay_hedge_maze, uniq_ijyb
D:6:      layout_rooms, uniq_duvessa

Skill      XL: |  1  2  3 |
---------------+----------+-----
Long Blades    | 2 3 4 |  4.1
Fighting       | |  3.0
Armour         | |  2.6
Shields        | |  2.6

Action                   |  1- 3 |  4- 6 || total
-------------------------+-------+-------++-------
Melee: Long sword        |   146 |    17 ||   163
       Bite              |       |     2 ||     2
  Use: Potion            |       |     6 ||     6
  Eat: Chunk             |     3 |       ||     3
Armor: Scale mail        |    98 |    12 ||   110
Dodge: Dodged            |    45 |     4 ||    49
Block: Kite shield       |    82 |     8 ||    90
       Rpst.: Long sword |    15 |     1 ||    16

Table legend:
 A = Non-vault XP
 B = Vault XP
 C = Vault XP percentage of total XP
 D = Non-vault monster count
 E = Vault monster count
 F = Vault count percentage of total count
                 A         B        C        D         E       F
            +---------+---------+-------+---------+---------+-------
      Total |     114 |       0 |   0.0 |      41 |       0 |   0.0
            +---------+---------+-------+---------+---------+-------
        D:1 |      55 |       0 |   0.0 |      26 |       0 |   0.0
        D:2 |      54 |       0 |   0.0 |      13 |       0 |   0.0
        D:3 |       2 |       0 |   0.0 |       1 |       0 |   0.0
        D:6 |       3 |       0 |   0.0 |       1 |       0 |   0.0
            +---------+---------+-------+---------+---------+-------
